 Dungeon Crawl Stone Soup version 0.27.0-1-g7a089689b8 (webtiles) character file.

Game seed: 12081890274855163843

220 bande the Shield-Bearer (level 5, 0/33 HPs)
             Began as a Gargoyle Fighter on Aug 5, 2021.
             Killed from afar by an orc wizard (6 damage)
             ... with a puff of flame
             ... on level 3 of the Dungeon.
             The game lasted 00:02:59 (2306 turns).

bande the Shield-Bearer (Gargoyle Fighter)          Turns: 2306, Time: 00:03:00

Health: 0/33       AC: 13    Str: 20    XL:     5   Next: 97%
Magic:  5/5        EV:  8    Int:  8    God:
Gold:   44         SH: 14    Dex: 10    Spells: 4/4 levels left

rFire    . . .     SeeInvis .   a - +1 war axe
rCold    . . .     Faith    .   c - +0 kite shield
rNeg     + . .     Spirit   .   b - +0 scale mail
rPois    ∞         Reflect  +   (no helmet)
rElec    +         Harm     .   e - +0 cloak
rCorr    .         Rampage  .   g - +0 pair of gloves
Will     .....                  (no boots)
Stlth    ..........             j - amulet of reflection
HPRegen  0.11/turn              (no ring)
MPRegen  0.09/turn              (no ring)

@: no status effects
A: sickness immunity, AC +4, negative energy resistance 1, electricity
resistance, torment resistance 1, petrification resistance
a: no special abilities


You were on level 3 of the Dungeon.
You visited 1 branch of the dungeon, and saw 3 of its levels.

You collected 44 gold pieces.

Inventory:

Hand Weapons
 a - a +1 war axe (weapon)
Armour
 b - a +0 scale mail (worn)
 c - a +0 kite shield (worn)
 e - a +0 cloak (worn)
 g - a +0 pair of gloves (worn)
Jewellery
 h - an amulet of the acrobat
 j - an amulet of reflection (around neck)
Potions
 d - 2 potions of might
 f - a potion of heal wounds


   Skills:
 + Level 3.9 Fighting
 + Level 3.3 Axes
 + Level 4.2 Armour
 + Level 1.1 Dodging
 + Level 4.6 Shields


You had 4 spell levels left.
You didn't know any spells.
Your spell library contained the following spells:

 Spells                   Type           Power      Damage    Failure   Level
 Sandblast                Erth           0%         2d4       99%         1
 Passwall                 Tmut/Erth      0%         N/A       100%        2
 Mephitic Cloud           Conj/Pois/Air  0%         N/A       100%        3
 Bolt of Magma            Conj/Fire/Erth 0%         4d4       100%        5


Dungeon Overview and Level Annotations

Branches:
Dungeon (3/15)

Altars:
Cheibriados
Trog

Annotations:
D:3 2 runed translucent doors, seveneves's ghost, amateur MiFi


Innate Abilities, Weirdness & Mutations

You are immune to sickness and miasma.
Your stone body is resilient. (AC +4)
You are immune to poison.
You resist negative energy. (rN+)
You are resistant to electric shocks. (rElec)
You are resistant to unholy torment.
You are immune to petrification.


Message History

The orc wizard hits you but does no damage.
You hit the orc.
The orc is heavily wounded.
You barely miss the orc wizard. The orc hits you but does no damage.
The orc wizard hits you but does no damage.
The orc hits you but does no damage.
You hear some strange, mumbled words.
A puff of flame appears from out of thin air!
The puff of flame misses you.
You closely miss the orc wizard. You miss something.
You completely miss the orc.
The orc wizard points at you and mumbles some strange words.
The magic dart hits you but does no damage.
The orc misses you.
You hear some strange, mumbled words.
Something tries to affect you, but you resist.
You block the orc wizard's attack. The orc hits you with a +0 morningstar.
You closely miss the orc wizard. You miss something. You hit the orc.
You block something's attack.
The orc wizard hits you but does no damage.
The orc completely misses you.
You hear some strange, mumbled words.
A puff of flame appears from out of thin air!
The puff of flame reflects off an invisible shield around you!
The puff of flame hits something.
The orc wizard casts a spell at you. The magic dart hits you!
You completely miss the orc wizard. You closely miss the orc.
You closely miss something. You block the orc's attack.
You block something's attack.
The orc wizard hits you but does no damage.
The orc hits you but does no damage.
You closely miss the orc wizard. You hit something. You barely miss the orc.
Something hits you but does no damage. You block the orc wizard's attack.
The orc hits you with a +0 morningstar.
* * * LOW HITPOINT WARNING * * *
You hear some strange, mumbled words.
A puff of flame appears from out of thin air!
The puff of flame hits you.
You die...

###### ########### #....####
######## #.........#
#.......#####....... +.........#
#.................(.
##.........###...................
..............#...........##.....
..............#.@.......).......#
.......#......#{oo...#...........
..##...#......#..(...#...........
.......#......#......#...........
.......#.............######..##..
.....>.................. #..##..
..##......###...####+##. #..####
..###'#...###...# ....#.###..####
..###.'......... ...............


You could see an orc wizard and an orc.

Vanquished Creatures
  An ice beast (D:3)
  An iron imp (D:3)
  6 adders
  A worm (D:2)
  A dart slug (D:1)
  8 bats
  2 endoplasms
  2 giant cockroaches (D:2)
  6 goblins
  2 hobgoblins
  2 quokkas
  5 ball pythons
  3 frilled lizards (D:2)
  A jackal skeleton (D:2)
  2 kobolds
  8 rats
51 creatures vanquished.

Vanquished Creatures (others)
  A plant (D:1)
1 creature vanquished.

Grand Total: 52 creatures vanquished

Notes
Turn   | Place    | Note
-------+----------+-------------------------------------------
     0 | D:1      | bande the Gargoyle Fighter began the quest for the Orb.
     0 | D:1      | Reached XP level 1. HP: 14/14 MP: 1/1
   275 | D:1      | Reached XP level 2. HP: 19/19 MP: 2/2
   846 | D:2      | Reached XP level 3. HP: 23/23 MP: 3/3
  1667 | D:2      | Reached XP level 4. HP: 29/29 MP: 4/4
  1854 | D:3      | Found a runed translucent door.
  1981 | D:3      | Found a runed translucent door.
  1981 | D:3      | Noticed seveneves's ghost (amateur MiFi)
  2045 | D:3      | Found a bloodstained altar of Trog.
  2056 | D:3      | Found a snail-covered altar of Cheibriados.
  2059 | D:3      | Noticed an ice beast
  2074 | D:3      | Reached XP level 5. HP: 21/33 MP: 5/5
  2078 | D:3      | Killed an ice beast
  2079 | D:3      | Reached skill level 1 in Dodging
  2277 | D:3      | Got the Guide on Nocuous Earth
  2306 | D:3      | Killed from afar by an orc wizard

Illustrated notes

Levels and vault maps discovered:
D:1:      sevenhm_arrival_forest_fort_small_4, layout_loops_ring
D:2:      layout_loops_corners
D:3:      layout_basic, slow_altar_1, old_standard_altar, ebering_ghost_sewer_f,
          hellmonk_ecumenical_altar_heavens_door

Skill      XL: |  1  2  3  4  5 |
---------------+----------------+-----
Axes           | 2 3 |  3.3
Armour         | 4 |  4.2
Shields        | 4 |  4.6
Dodging        | 1 |  1.1
Fighting       | |  3.9

Action                   |  1- 3 |  4- 6 || total
-------------------------+-------+-------++-------
Melee: War axe           |    96 |    60 ||   156
  Use: Potion            |       |     3 ||     3
       Scroll            |       |     4 ||     4
Armor: Scale mail        |    53 |    49 ||   102
Dodge: Dodged            |    52 |    18 ||    70
Block: Kite shield       |    78 |    87 ||   165
       Reflection        |       |     1 ||     1
